 Dungeon Crawl Stone Soup version 0.28.0-53-g5a82cb258f (webtiles) character file.

Game seed: 5868902400085463734

5814 uvd540 the Cleaver (level 10, -8/91 HPs)
             Began as a Minotaur Berserker on Aug 10, 2022.
             Was an Elder of Trog.
             Mangled by an ogre
             ... wielding a +0 giant club
              (12 damage)
             ... on level 8 of the Dungeon.
             The game lasted 00:58:39 (6841 turns).

uvd540 the Cleaver (Minotaur Berserker)             Turns: 6841, Time: 00:58:40

Health: -8/91      AC: 20    Str: 22    XL:     10   Next: 51%
Magic:  9/9        EV:  9    Int:  2    God:    Trog [****..]
Gold:   459        SH:  3    Dex: 14    Spells: 9/9 levels left

rFire   . . .      SeeInvis .   E - +4 war axe
rCold   . . .      Faith    .   s - +0 buckler
rNeg    . . .      Spirit   .   F - +0 plate armour
rPois   .          Reflect  .   (helmet restricted)
rElec   .          Harm     .   (no cloak)
rCorr   .          Rampage  .   G - +0 pair of gloves {hurl}
Will    .....                   r - +0 pair of boots
Stlth   ..........              D - amulet of regeneration
HPRegen 1.05/turn               I - +4 ring of protection
MPRegen 0.11/turn               t - +4 ring of slaying

@: on berserk cooldown, slowed, very slow
A: horns 2, retaliatory headbutt, dopey 1, MP-powered wands
a: Renounce Religion, Berserk, Trog's Hand, Brothers in Arms


You were on level 8 of the Dungeon.
You worshipped Trog.
Trog was greatly pleased with you.
You visited 2 branches of the dungeon, and saw 9 of its levels.
You also visited: Bailey.

You collected 459 gold pieces.

Inventory:

Hand Weapons
 y - a +0 battleaxe
 E - a +4 war axe (weapon)
Missiles
 k - 27 poisoned darts (quivered)
Armour
 i - a +0 helmet
 r - a +0 pair of boots (worn)
 s - a +0 buckler (worn)
 F - a +0 plate armour (worn)
 G - a +0 pair of gloves of hurling (worn)
Jewellery
 m - a +4 ring of evasion
 t - a +4 ring of slaying (right hand)
 B - a ring of protection from fire
 D - an amulet of regeneration (around neck)
 I - a +4 ring of protection (left hand)
Wands
 p - a wand of charming (8)
 w - a wand of acid (27)
Scrolls
 a - 2 scrolls of acquirement
 b - 2 scrolls of noise {unknown}
 e - 2 scrolls of magic mapping {unknown}
 g - 2 scrolls of enchant armour {unknown}
 h - 2 scrolls of fog {unknown}
 l - a scroll of enchant weapon
 n - 2 scrolls of immolation
 u - 2 scrolls of holy word {unknown}
 x - a scroll of fear {unknown}
 z - a scroll of vulnerability {unknown}
 H - a scroll of blinking {unknown}
Potions
 c - 3 potions of curing
 d - a potion of might
 f - a potion of brilliance {unknown}
 j - 4 potions of haste
 o - 7 potions of degeneration
 q - 4 potions of heal wounds
 v - a potion of attraction {unknown}
 A - 3 potions of flight {unknown}
 C - a potion of lignification


   Skills:
 + Level 9.3 Fighting
 * Level 12.4 Axes
 + Level 8.9 Armour
 + Level 8.0 Dodging


You had 9 spell levels left.
You didn't know any spells.
Your spell library contained the following spells:

 Spells                   Type           Power      Damage    Failure   Level
 Slow                     Hex            0%         N/A       100%        1
 Ensorcelled Hibernation  Hex/Ice        0%         N/A       100%        2
 Passwall                 Tmut/Erth      0%         N/A       100%        2
 Confusing Touch          Hex            0%         N/A       100%        3
 Gell's Gravitas          Tloc           0%         N/A       100%        3
 Swiftness                Air            0%         N/A       100%        3
 Teleport Other           Tloc           0%         N/A       100%        3
 Vampiric Draining        Necr           0%         2d6       100%        3
 Dispersal                Tloc           0%         N/A       100%        6


Dungeon Overview and Level Annotations

Branches:
Dungeon (8/15)             Temple (1/1) D:6          Bailey (visited)
   Lair: D:8-11

Altars:
Cheibriados
Dithmenos
Elyvilon
Fedhas
Gozag
Hepliaklqana
Makhleb
Nemelex Xobeh
Okawaru
Qazlal
Ru
Sif Muna
Trog
Uskayaw
Vehumet
Wu Jian
Xom
Yredelemnul
Zin
The Shining One
Lugonu

Shops:
D:7 :

Annotations:
D:8 1 transporter, exclusions: obsidian statue and orange crystal statue, safid's ghost, novice HOFi


Innate Abilities, Weirdness & Mutations

You have a pair of horns on your head.
You reflexively headbutt those who attack you in melee.
You are dopey. (Int -2)
You expend magic power (3 MP) to strengthen your wands.


Message History

You feel yourself slow down.
You see here a scroll labelled FITICKAMIU.
You slash safid's ghost!
Safid's ghost is lightly damaged.
You slash the ogre! You barely miss the ogre.
Safid's ghost whispers, "There is no future for you."
Safid's ghost hits you! The ogre closely misses you.
You block the ogre's attack. Safid's ghost hits you!
You barely miss safid's ghost. You headbutt safid's ghost.
Safid's ghost is lightly damaged.
You barely miss the ogre. You slash the ogre! You barely miss the ogre.
The ogre barely misses you.
The ogre hits you with a +0 giant club!!
Safid's ghost hits you but does no damage.
The ogre closely misses you.
You slash safid's ghost! You headbutt safid's ghost!
Safid's ghost is moderately damaged.
You slash the ogre! You completely miss the ogre. You hit the ogre.
The ogre hits you but does no damage. Safid's ghost hits you!
The ogre barely misses you. You block the ogre's attack.
You hit safid's ghost but do no damage. Your headbutt misses safid's ghost.
Safid's ghost is moderately damaged.
You slash the ogre! x2
You kill the ogre!
Trog accepts your kill.
You barely miss the ogre. Safid's ghost hits you! The ogre closely misses you.
You furiously retaliate!
You headbutt the ogre!
You kill the ogre!
Trog accepts your kill.
The ogre hits you with a +0 giant club!!
* * * LOW HITPOINT WARNING * * *
Safid's ghost hits you!
* * * LOW HITPOINT WARNING * * *
Your two-headed ogre goes berserk!
The ogre hits you with a +0 giant club!
* * * LOW HITPOINT WARNING * * *
Safid's ghost hits you.
* * * LOW HITPOINT WARNING * * *
Safid's ghost barely misses you. The ogre hits you with a +0 giant club!
You die...

##..............####'''###
##.............###....#
######................####
#....#.........##.....##
#.#.##..#..............#
###..#.###.........#.###
##........#############
....##..#.#.....O.....#
....###...#.#..#@#..#.#
.....#.)..#..##OW)##..#
.......)###..##..)##..#
........# #.#..#.#..#.#
#...#.#####....(??...©##
#...#...################
####...........©.©.....#
#.....##..............#
###..###........#######


You could see an ogre, safid's ghost (ally target) and a friendly two-headed
ogre (summoned, berserk).

Vanquished Creatures
  Pikel (D:7)
  An orc knight (Bailey)
  An orc sorcerer (Bailey)
  A kobold demonologist (Bailey)
  Prince Ribbit (D:6)
  A hornet (D:7)
  A wraith (D:7)
  A steam dragon (D:7)
  Duvessa (D:6)
  A black bear (D:5)
  10 orc warriors
  A sky beast (D:7)
  4 ogres
  A necrophage (D:5)
  2 phantoms
  4 kobold brigands
  3 scorpions
  Dowan (D:6)
  9 wights
  An electric eel (Bailey)
  A howler monkey (D:8)
  A bullfrog zombie (D:6)
  A centaur skeleton (D:7)
  3 hounds
  A jelly (D:6)
  A bullfrog skeleton (D:5)
  A gnoll shaman (D:5)
  2 iguanas
  Terence (D:3)
  Natasha (D:3)
  5 orc wizards
  A hound zombie (D:5)
  A hound skeleton (D:5)
  Robin (D:2)
  A howler monkey zombie (D:4)
  17 gnolls
  6 adders
  A white imp (D:6)
  2 adder skeletons (D:4)
  4 worms
  A dart slug (D:2)
  22 orcs
  A bat (D:1)
  7 endoplasms
  6 giant cockroaches
  23 goblins
  11 hobgoblins
  A jackal (D:4)
  9 quokkas
  4 ball pythons
  5 frilled lizards
  16 kobolds
  6 rats
210 creatures vanquished.

Vanquished Creatures (collateral kills)
  A kobold (D:7)
1 creature vanquished.

Vanquished Creatures (others)
  2 demonic plants (Temple)
  A fungus (D:8)
3 creatures vanquished.

Grand Total: 214 creatures vanquished

Notes
Turn   | Place    | Note
-------+----------+-------------------------------------------
     0 | D:1      | uvd540 the Minotaur Berserker began the quest for the Orb.
     0 | D:1      | Reached XP level 1. HP: 19/19 MP: 0/0
   193 | D:1      | Found a faded altar of an unknown god.
   223 | D:1      | Reached XP level 2. HP: 27/27 MP: 1/1
   526 | D:2      | Reached skill level 4 in Axes
   573 | D:2      | Reached XP level 3. HP: 33/33 MP: 2/2
   580 | D:2      | Reached XP level 4. HP: 40/40 MP: 3/3
   679 | D:2      | Found a bloodstained altar of Trog.
   694 | D:2      | Noticed Robin
   711 | D:2      | Killed Robin
   711 | D:2      | Reached ** piety under Trog
   849 | D:2      | Reached skill level 5 in Axes
  1016 | D:2      | Reached XP level 5. HP: 47/47 MP: 4/4
  1374 | D:3      | Noticed Terence
  1381 | D:3      | Killed Terence
  1816 | D:3      | Noticed Natasha
  1825 | D:3      | Killed Natasha
  1960 | D:3      | Reached XP level 6. HP: 55/55 MP: 5/5
  2327 | D:4      | Reached skill level 5 in Fighting
  2327 | D:4      | Reached skill level 6 in Axes
  2724 | D:4      | Found a snail-covered altar of Cheibriados.
  2769 | D:4      | Found a glowing golden altar of the Shining One.
  2769 | D:4      | Found a white marble altar of Elyvilon.
  2769 | D:4      | Found a glowing silver altar of Zin.
  2851 | D:4      | Found a shimmering altar of Xom.
  3085 | D:5      | Entered Level 5 of the Dungeon
  3096 | D:5      | Reached *** piety under Trog
  3159 | D:5      | Reached XP level 7. HP: 61/61 MP: 6/6
  3227 | D:5      | Reached skill level 7 in Axes
  3227 | D:5      | Reached skill level 5 in Armour
  3246 | D:5      | Gained mutation: You have hidden genetic defects. [potion
                  | of mutation]
  3246 | D:5      | Gained mutation: You expend magic power (3 MP) to
                  | strengthen your wands. [potion of mutation]
  3246 | D:5      | Gained mutation: You have an increased reservoir of magic.
                  | (+10% MP) [potion of mutation]
  3629 | D:5      | Found a shimmering blue altar of Sif Muna.
  3737 | D:5      | Found a glowing drain.
  3759 | D:5      | Lost mutation: You have an increased reservoir of magic.
                  | (+10% MP) [hidden defects]
  3881 | D:6      | Noticed Prince Ribbit
  3895 | D:6      | Killed Prince Ribbit
  3896 | D:6      | Reached skill level 8 in Axes
  3896 | D:6      | Reached skill level 5 in Dodging
  3896 | D:6      | Reached XP level 8. HP: 70/70 MP: 7/7
  3903 | D:6      | Gained mutation: You are dopey. (Int -2) [hidden defects]
  3903 | D:6      | Lost mutation: You have hidden genetic defects. [hidden
                  | defects expressed]
  4175 | D:6      | Noticed Dowan
  4181 | D:6      | Noticed Duvessa
  4191 | D:6      | Killed Duvessa
  4198 | D:6      | Killed Dowan
  4317 | D:6      | Identified the +2 short sword "Sadeuryar" {freeze, Str+5
                  | Dex+6}
  4365 | D:6      | Found a staircase to the Ecumenical Temple.
  4379 | Temple   | Entered the Ecumenical Temple
  4599 | D:6      | Found a sacrificial altar of Ru.
  4654 | D:6      | Found a bloodstained altar of Trog.
  4943 | D:7      | Noticed Pikel
  4956 | D:7      | Reached skill level 9 in Axes
  4957 | D:7      | Killed Pikel
  4958 | D:7      | Reached XP level 9. HP: 79/79 MP: 8/8
  4968 | D:7      | Reached skill level 10 in Axes
  5019 | D:7      | Found a radiant altar of Vehumet.
  5139 | D:7      | Found a flagged portal.
  5169 | Bailey   | Entered a bailey
  5267 | Bailey   | Noticed an orc knight
  5279 | Bailey   | Killed an orc knight
  5280 | Bailey   | Reached skill level 11 in Axes
  5381 | Bailey   | Found an iron altar of Okawaru.
  5382 | Bailey   | Noticed an orc sorcerer
  5385 | Bailey   | Reached **** piety under Trog
  5387 | Bailey   | Noticed a kobold demonologist
  5394 | Bailey   | Killed an orc sorcerer
  5395 | Bailey   | Reached XP level 10. HP: 90/90 MP: 9/9
  5953 | D:7      | Found an ornate altar of the Wu Jian Council.
  6144 | D:7      | Reached skill level 12 in Axes
  6151 | D:7      | Found Naigaite's Book Boutique.
  6467 | D:8      | Found an opulent altar of Gozag.
  6468 | D:8      | Found a sparkling altar of Nemelex Xobeh.
  6547 | D:8      | Found a blossoming altar of Fedhas.
  6572 | D:8      | Noticed an orange crystal statue
  6639 | D:8      | Noticed an obsidian statue
  6729 | D:8      | Found a hazy altar of Hepliaklqana.
  6816 | D:8      | Noticed safid's ghost (novice HOFi)
  6818 | D:8      | Identified the +3 great mace "Vanoudgh" {antimagic, rC+
                  | Str+4 Int+3 Stlth-}
  6819 | D:8      | Found a transporter.
  6823 | D:8      | Found a transporter.
  6840 | D:8      | HP: 3/91 [ogre/+0 giant club (9)]
  6841 | D:8      | Mangled by an ogre

Illustrated notes

Levels and vault maps discovered:
D:1:      lightli_molten_gateway, layout_rooms, ebering_ecumenical_altar_webs
D:2:      layout_basic, basic_altar, serial_corexii_hall,
          corexii_hall_statues_deadend, corexii_hall_statues_i,
          minmay_fountain_box, uniq_robin
D:3:      layout_basic, kennysheep_boxes, uniq_terence, uniq_natasha
D:4:      layout_rooms, good_gods_mini_temple, marbit_many_paths, slow_altar_1
D:5:      layout_basic, kennysheep_orc_sif_temple, gup_sewer_entry_pipe
D:6:      layout_loops_ring, trog_book, nicolae_ru_path_of_blood,
          minmay_temple_entry_offerings, uniq_prince_ribbit1, uniq_duvessa
D:7:      layout_basic, mainiacjoe_overflow_paths, pf_just_have_faith,
          serial_shops, shop_fountains, enter_bailey_7, uniq_pikel
D:8:      minmay_separated_statues, layout_cave_pools,
          grunt_temple_overflow_opulence, fedhas_altar_3,
          mainiacjoe_overflow_alcove_4, gammafunk_ghost_smash
Temple:   corrupted_temple

Skill      XL: |  1  2  3  4  5  6  7  8  9 10 |
---------------+-------------------------------+-----
Fighting       | 4 5 6 7 8 9 |  9.3
Axes           | 4 5 6 8 9 11 12 | 12.4
Armour         | 3 4 5 6 8 |  8.9
Dodging        | 3 4 5 6 7 8 |  8.0

Action                   |  1- 3 |  4- 6 |  7- 9 | 10-12 || total
-------------------------+-------+-------+-------+-------++-------
Melee: Hand axe          |    32 |   147 |   105 |       ||   284
       Headbutt          |     4 |    25 |    30 |    31 ||    90
       Punch             |       |     1 |       |       ||     1
       War axe           |       |       |    62 |   110 ||   172
Throw: Dart              |       |     4 |     2 |       ||     6
Invok: Berserk           |     1 |     4 |     9 |     1 ||    15
       Trog's Hand       |       |       |     2 |       ||     2
       Brothers in Arms  |       |       |       |     2 ||     2
  Use: Potion            |       |     1 |     4 |     2 ||     7
       Scroll            |       |       |     5 |     2 ||     7
Armor: Animal skin       |     2 |       |       |       ||     2
       Chain mail        |     7 |    43 |    28 |       ||    78
       Plate armour      |       |       |     1 |    36 ||    37
Dodge: Dodged            |    11 |    60 |    79 |    35 ||   185
Block: Buckler           |       |     4 |    14 |    14 ||    32
